General information
- name: BNet
- type: Ladder team game (AT/RT)
- host: Battle.net
- saver: TIMG4STRok
map: TurtleRock
- players: 4
- length: 11:41
- speed: Fast
- version: 1.21 W3XP
- replay type:

» download(78 KB)
Players
team 1 (winner)

»
iggy_the_fisk (
green | 120 APM | 1398 actions | 11:40)
3 Keeper of the Grove
2 Entangling Roots
1 Force of Nature
» actions
| Assign group hotkey | 183 | |
| Basic commands | 3 | |
| Build / train | 39 | |
| Enter build submenu | 12 | |
| Enter hero's abilities submenu | 3 | |
| Remove unit from queue | 1 | |
| Right click | 820 | |
| Select / deselect | 206 | |
| Select group hotkey | 92 | |
| Use ability | 39 | |
1398 total
» units
| Wisp | 14 | |
| Huntress | 5 | |
| Glaive Thrower | 7 | |
| Archer | 8 | |
34 total
» buildings
| Altar of Elders | 1 | |
| Moon Well | 5 | |
| Ancient of War | 2 | |
| Hunter's Hall | 2 | |
| Ancient Protector | 1 | |
11 total
» build order
00:06 Altar of Elders
00:17 Moon Well
01:30 Ancient of War
01:37 Hunter's Hall
01:39 Hunter's Hall
01:59 Ancient of War
02:15 Moon Well
04:14 Moon Well
04:16 Moon Well
06:24 Ancient Protector
07:32 Moon Well

»
TIMG4STRok (
blue | 178 APM | 2078 actions | 11:41)
5 Demon Hunter
3 Mana Burn
2 Evasion
» actions
| Assign group hotkey | 24 | |
| Basic commands | 35 | |
| Build / train | 36 | |
| ESC pressed | 1 | |
| Enter build submenu | 12 | |
| Enter hero's abilities submenu | 5 | |
| Right click | 1112 | |
| Select / deselect | 197 | |
| Select group hotkey | 617 | |
| Use ability | 39 | |
2078 total
» units
» buildings
| Altar of Elders | 1 | |
| Moon Well | 6 | |
| Hunter's Hall | 1 | |
| Ancient of War | 2 | |
| Tree of Ages | 1 | |
| Ancient of Lore | 1 | |
12 total
» build order
00:03 Altar of Elders
00:18 Moon Well
01:23 Hunter's Hall
01:47 Ancient of War
02:03 Ancient of War
02:16 Moon Well
02:54 Moon Well
04:36 Moon Well
07:24 Tree of Ages
08:12 Moon Well
08:29 Moon Well
11:19 Ancient of Lore
team 2 (loser)

»
AlwaysCocaCola (
teal | 113 APM | 1325 actions | 11:40)
2 Blademaster
1 Wind Walk
1 Critical Strike
1 Shadow Hunter
1 Serpent Ward
» actions
| Assign group hotkey | 33 | |
| Basic commands | 42 | |
| Build / train | 50 | |
| Enter build submenu | 11 | |
| Enter hero's abilities submenu | 3 | |
| Give item / drop item | 1 | |
| Right click | 810 | |
| Select / deselect | 259 | |
| Select group hotkey | 45 | |
| Use ability | 71 | |
1325 total
» units
» buildings
| Altar of Storms | 2 | |
| Orc Burrow | 4 | |
| Voodoo Lounge | 1 | |
| Stronghold | 3 | |
| Beastiary | 3 | |
| Barracks | 1 | |
14 total
» build order
00:02 Altar of Storms
00:05 Altar of Storms
00:16 Orc Burrow
00:54 Voodoo Lounge
01:26 Orc Burrow
02:28 Stronghold
02:28 Stronghold
04:46 Orc Burrow
05:28 Beastiary
06:14 Beastiary
07:26 Beastiary
11:10 Orc Burrow
11:12 Barracks
» items
| Healing Salve | 3 | |
| Scroll of Speed | 1 | |
| Staff of Teleportation | 1 | |
| Boots of Speed | 1 | |
| Potion of Healing | 1 | |
7 total
WB.Schweickart (
orange | 82 APM | 952 actions | 11:37)
2 Blademaster
1 Wind Walk
1 Critical Strike
2 Shadow Hunter
1 Hex
1 Healing Wave
» actions
| Assign group hotkey | 18 | |
| Basic commands | 7 | |
| Build / train | 37 | |
| Enter build submenu | 12 | |
| Enter hero's abilities submenu | 4 | |
| Give item / drop item | 1 | |
| Right click | 562 | |
| Select / deselect | 186 | |
| Select group hotkey | 73 | |
| Use ability | 52 | |
952 total
» units
| Peon | 7 | |
| Grunt | 7 | |
| Wind Rider | 2 | |
| Spirit Walker | 1 | |
| Demolisher | 1 | |
| Raider | 1 | |
19 total
» upgrades
» buildings
| Altar of Storms | 1 | |
| Orc Burrow | 5 | |
| Voodoo Lounge | 1 | |
| Barracks | 1 | |
| Stronghold | 1 | |
| Beastiary | 1 | |
| Spirit Lodge | 1 | |
| War Mill | 1 | |
12 total
» build order
00:05 Altar of Storms
00:14 Orc Burrow
00:35 Voodoo Lounge
01:22 Barracks
01:45 Orc Burrow
04:18 Stronghold
04:38 Orc Burrow
06:48 Beastiary
06:53 Spirit Lodge
07:37 War Mill
08:50 Orc Burrow
09:38 Orc Burrow
» items
| Healing Salve | 3 | |
| Lesser Clarity Potion | 4 | |
| Scroll of Speed | 1 | |
| Potion of Healing | 1 | |
| Potion of Mana | 1 | |
10 total
Chat log
(11:36 / All) AlwaysCocaCola: gg